 Dungeon Crawl Stone Soup version 0.28-a0-938-gbc3f381ebc (webtiles) character file.

Game seed: 886744446335613062

1418 greenreed the Magician (level 9, -2/57 HPs)
             Began as a Djinni Ice Elementalist on Nov 28, 2021.
             Was an Initiate of Makhleb.
             Slain by a two-headed ogre (15 damage)
             ... on level 5 of the Dungeon.
             The game lasted 00:30:41 (6305 turns).

greenreed the Magician (Djinni Ice Elementalist)    Turns: 6305, Time: 00:30:43

Health: -2/57      AC: 15    Str:  7    XL:     9   Next: 2%
Gold:   225        EV: 13    Int: 19    God:    Makhleb [......] SH:  0 Dex: 15

rFire   + + .      SeeInvis +   g - +0 quarterstaff
rCold   x . .      Faith    .   (shield currently unavailable)
rNeg    . . .      Spirit   .   a - +0 robe
rPois   ∞          Reflect  .   j - +0 helmet
rElec   .          Harm     .   n - +0 cloak
rCorr   .          Rampage  .   (no gloves)
Will    .....                   (boots unavailable)
Stlth   ++........              v - amulet of regeneration
HPRegen 0.99/turn               q - ring of see invisible
MPRegen 0.00/turn               u - +4 ring of protection

@: ice-armoured, flying
A: sickness immunity, fire resistance 2, cold vulnerability 1, float, innate
caster, hp casting, extra vitality 1
a: Renounce Religion


You were on level 5 of the Dungeon.
You worshipped Makhleb.
Makhleb was noncommittal.
You visited 2 branches of the dungeon, and saw 6 of its levels.

You collected 225 gold pieces.

Inventory:

Hand Weapons
 g - a +0 quarterstaff (weapon)
 l - a +0 dagger of holy wrath
 s - a +1 short sword of protection
Missiles
 e - 109 stones
 y - 29 poisoned darts
Armour
 a - a +0 robe (worn)
 j - a +0 helmet (worn)
 n - a +0 cloak (worn)
Jewellery
 q - a ring of see invisible (left hand)
 u - a +4 ring of protection (right hand)
 v - an amulet of regeneration (around neck)
 C - a +6 ring of strength
Wands
 x - a wand of digging (3)
Scrolls
 b - 2 scrolls of vulnerability {unknown}
 d - 2 scrolls of fog {unknown}
 h - 3 scrolls of teleportation
 k - 3 scrolls of fear {unknown}
 m - 6 scrolls of identify {unknown}
 p - 2 scrolls of enchant armour {unknown}
 t - a scroll of summoning {unknown}
 w - a scroll of immolation {unknown}
 z - a scroll of enchant weapon {unknown}
 A - a scroll of amnesia {unknown}
Potions
 c - a potion of heal wounds {unknown}
 f - 3 potions of lignification {unknown}
 i - 2 potions of degeneration {unknown}
 o - 2 potions of magic {unknown}
 r - a potion of haste {unknown}
 B - a potion of might {unknown}


   Skills:
 + Level 1.4 Fighting
 + Level 2.6 Staves
 + Level 3.7 Dodging
 + Level 2.2 Stealth
 * Level 7.8 Spellcasting


You had 3 spell levels left.
You knew the following spells:

 Your Spells              Type           Power      Damage    Failure   Level
a - Freeze                Ice            100%       1d11      1%          1
b - Frozen Ramparts       Ice            74%        1d9       1%          3
c - Ozocubu's Armour      Ice            37%        N/A       1%          3
d - Hailstorm             Conj/Ice       37%        3d9       3%          4
e - Sandblast             Erth           74%        2d16      1%          1
f - Searing Ray           Conj           74%        2d7       1%          2
g - Gell's Gravitas       Tloc           37%        N/A       1%          3
h - Lesser Beckoning      Tloc           37%        N/A       1%          3
Your spell library was empty.

Dungeon Overview and Level Annotations

Branches:
Dungeon (5/15)             Temple (1/1) D:4

Altars:
Ashenzari
Cheibriados
Dithmenos
Fedhas
Gozag
Hepliaklqana
Kikubaaqudgha
Makhleb
Nemelex Xobeh
Okawaru
Qazlal
Ru
Sif Muna
Trog
Uskayaw
Vehumet
Wu Jian
Xom
Yredelemnul
Zin
The Shining One

Shops:
D:3 [

Annotations:
D:3 exclusions: steam dragon and 1 more exclusion


Innate Abilities, Weirdness & Mutations

You are immune to sickness and miasma.
You are immune to poison.
Your flesh is very heat resistant. (rF++)
You are vulnerable to cold. (rC-)
You float through the air rather than walking.
You learn spells naturally, not from books.
Your magical power is your life essence.
You have superior vitality. (+4 HP)


Message History

Confirm with . or Enter, or press ? or * to list all spells.
You can't see any susceptible monsters within range! (Use Z to cast anyway.) Unknown command.
Aiming: Sandblast (safe; 1% risk of failure)
Press: ? - help, Q - select action, (/) - cycle Shift-Dir - straight line, f - two-headed ogre
Aim: a two-headed ogre, wielding a +0 dire flail and a +0 giant spiked club (91% to hit)
The blast of sand hits the two-headed ogre!
The two-headed ogre is moderately wounded.
Aiming: Sandblast (safe; 1% risk of failure)
Press: ? - help, Q - select action, (/) - cycle Shift-Dir - straight line, f/p - two-headed ogre
Aim: a two-headed ogre, wielding a +0 dire flail and a +0 giant spiked club (moderately wounded, 91% to hit)
The blast of sand hits the two-headed ogre!
The two-headed ogre is heavily wounded.
Aiming: Sandblast (safe; 1% risk of failure)
Press: ? - help, Q - select action, (/) - cycle Shift-Dir - straight line, f/p - two-headed ogre
Aim: a two-headed ogre, wielding a +0 dire flail and a +0 giant spiked club (heavily wounded, 91% to hit)
The blast of sand hits the two-headed ogre!
The two-headed ogre is severely wounded.
The two-headed ogre hits you with a +0 dire flail!
The two-headed ogre hits you with a +0 giant spiked club!!
Casting: Sandblast (safe; 1% risk of failure)
Confirm with . or Enter, or press ? or * to list all spells.
Aiming: Gell's Gravitas (safe; 1% risk of failure)
Press: ? - help, Dir - move target, p - two-headed ogre Gravity reorients around empty space.
Casting: Gell's Gravitas (safe; 1% risk of failure)
Confirm with . or Enter, or press ? or * to list all spells.
Aiming: Gell's Gravitas (safe; 1% risk of failure)
Press: ? - help, Dir - move target Gravity reorients around empty space.
The two-headed ogre barely misses you.
The two-headed ogre hits you with a +0 giant spiked club!
* * * LOW HITPOINT WARNING * * *
There is a stone staircase leading up here.
Casting: Gell's Gravitas (safe; 1% risk of failure)
Confirm with . or Enter, or press ? or * to list all spells.
A film of ice covers your body!
* * * LOW HITPOINT WARNING * * *
The two-headed ogre barely misses you.
The two-headed ogre hits you with a +0 giant spiked club!
You die...

....#..........#............
...............#............
....#..........#............
#.###..##.######............
#.###+#.#'###..#............
.......#.......#............
.......#.......'............
#############'##.........
.......#..#@O.......
.......#..#.........
.......+..+.........
...o...####.........
#..............
#..............
#..............
#..............
##############


You could see a two-headed ogre.

Vanquished Creatures
  Pikel (D:5)
  An ice beast (D:5)
  2 ogres (D:5)
  A phantom (D:4)
  4 lemures (D:5)
  A scorpion (D:4)
  A centaur zombie (D:5)
  An orc priest (D:4)
  3 hounds
  A jelly (D:4)
  Jessica (D:3)
  4 iguanas
  2 orc wizards (D:4)
  A killer bee zombie (D:5)
  A hound skeleton (D:5)
  Robin (D:2)
  3 gnolls (D:3)
  3 adders
  A howler monkey skeleton (D:5)
  A shadow imp (D:5)
  An ufetubus (D:5)
  A worm (D:2)
  3 dart slugs
  12 orcs
  7 bats
  5 endoplasms
  2 giant cockroaches
  16 goblins
  9 hobgoblins
  12 jackals
  11 kobolds
  5 quokkas
  8 ball pythons
  2 frilled lizards
  8 rats
136 creatures vanquished.

Notes
Turn   | Place    | Note
-------+----------+-------------------------------------------
     0 | D:1      | greenreed the Djinni Ice Elementalist began the quest for
                  | the Orb.
     0 | D:1      | Reached XP level 1. HP: 15/15 MP: 0/0
   201 | D:1      | Reached XP level 2. HP: 19/21 MP: 0/0
   720 | D:1      | Reached XP level 3. HP: 22/25 MP: 0/0
   720 | D:1      | Learned a level 1 spell: Sandblast
   879 | D:1      | Reached skill level 4 in Spellcasting
  2115 | D:2      | Noticed Robin
  2122 | D:2      | Reached XP level 4. HP: 25/31 MP: 0/0
  2125 | D:2      | Killed Robin
  2899 | D:2      | Reached XP level 5. HP: 34/35 MP: 0/0
  2899 | D:2      | Learned a level 2 spell: Searing Ray
  3328 | D:3      | Found a faded altar of an unknown god.
  3572 | D:3      | Noticed Jessica
  3578 | D:3      | Killed Jessica
  3600 | D:3      | Reached skill level 5 in Spellcasting
  3684 | D:3      | Found Howyex's Antique Armour Emporium.
  3899 | D:3      | Noticed a steam dragon
  3946 | D:4      | Reached XP level 6. HP: 30/41 MP: 0/0
  4700 | D:4      | HP: 1/41 [phantom (7)]
  4710 | D:4      | Reached skill level 1 in Staves
  4710 | D:4      | Reached XP level 7. HP: 7/46 MP: 0/0
  4710 | D:4      | Learned a level 3 spell: Gell's Gravitas
  5099 | D:4      | Reached skill level 6 in Spellcasting
  5235 | D:4      | Found a staircase to the Ecumenical Temple.
  5375 | Temple   | Entered the Ecumenical Temple
  5588 | Temple   | Became a worshipper of Makhleb the Destroyer
  5650 | D:5      | Entered Level 5 of the Dungeon
  5683 | D:5      | Reached XP level 8. HP: 35/51 MP: 0/0
  5686 | D:5      | Reached skill level 1 in Fighting
  5736 | D:5      | Noticed Pikel
  5771 | D:5      | Killed Pikel
  5772 | D:5      | Reached skill level 7 in Spellcasting
  6145 | D:5      | Reached XP level 9. HP: 57/57 MP: 0/0
  6145 | D:5      | Learned a level 3 spell: Lesser Beckoning
  6287 | D:5      | Noticed a two-headed ogre
  6305 | D:5      | Slain by a two-headed ogre

Illustrated notes

Levels and vault maps discovered:
D:1:      saegor_arrival_simple_c, layout_loops_corners
D:2:      layout_loops_ring, uniq_robin
D:3:      minmay_bubble_buster, layout_basic, serial_shops, shop_statue,
          shapermc_ecumenical_altar_notcrosses, st_stairs_7, uniq_jessica
D:4:      layout_cave_pools, minmay_temple_entry_glass
D:5:      layout_gridville, minmay_fractal_squares_5, uniq_pikel
Temple:   mainiacjoe_temple_archimedes_tessellation

Skill      XL: |  1  2  3  4  5  6  7  8 |
---------------+-------------------------+-----
Spellcasting   | 4 5 6 7 |  7.8
Staves         | 1 2 |  2.6
Stealth        | 2 |  2.2
Dodging        | 3 |  3.7
Fighting       | 1 |  1.4

Action                   |  1- 3 |  4- 6 |  7- 9 || total
-------------------------+-------+-------+-------++-------
Melee: Unarmed           |     1 |       |       ||     1
       Quarterstaff      |    28 |    27 |    37 ||    92
 Cast: Freeze            |    38 |    32 |       ||    70
       Sandblast         |     5 |    41 |    22 ||    68
       Frozen Ramparts   |     1 |     3 |     4 ||     8
       Searing Ray       |       |     4 |    19 ||    23
       Ozocubu's Armour  |       |     1 |     5 ||     6
       Hailstorm         |       |       |     2 ||     2
       Gell's Gravitas   |       |       |     2 ||     2
  Use: Scroll            |       |     1 |       ||     1
       Potion            |       |     2 |       ||     2
 Stab: Sleeping          |     1 |       |       ||     1
Armor: Robe              |     7 |    28 |    22 ||    57
Dodge: Dodged            |    40 |    53 |    32 ||   125

Table legend: (Time is in decaauts)
 A = Elapsed time spent in this place.
 B = Non-inter-level travel time spent in this place.
 C = Inter-level travel time spent in this place.
 D = Time resting spent in this place.
 E = Time spent auto-exploring this place.
 F = Levels seen in this place.
 G = Mean time per level.
                   A        B        C        D        E       F      G
               +--------+--------+--------+--------+--------+-----+--------+
         Total |   6330 |   6166 |    164 |   1634 |   3556 |   6 | 1055.0 |
       Dungeon |   6069 |   5967 |    102 |   1634 |   3383 |   5 | 1213.8 |
        Temple |    260 |    198 |     62 |      0 |    173 |   1 |  260.0 |
               +--------+--------+--------+--------+--------+-----+--------+

Top non-repeatable levels by time:
     D:1: 2013 daAuts
     D:2: 1263 daAuts
     D:4: 1183 daAuts
     D:3: 949 daAuts
     D:5: 660 daAuts
  Temple: 260 daAuts
